← All builds
Geo / Armada / Economy first / OBSERVED BUILD

Standard geo

Armada Geo build order · Supreme Isthmus

Standard Geo economy into T2 constructor and Starlight/Jaguar units sent to front as usual, with support built for teammates along the way.

Usually blows up the commander for T2 (72%)

#eco #t2 #team support · 1322 distinct matches · 234 players · 55% of Armada Geo games · team won 55% of 1541 · Recently observed

HOW TO PLAY IT

Key timing: T2 constructor by 4:55

  1. Open 2 mex and wind, then Bot Lab by 0:35.
  2. Rush geothermal powerplant to fund T2 ahead of other roles.
  3. Get T2 constructor out to start building T2 units.
  4. Add Vehicle Plant and Advanced Geothermal for the T2 push.
  5. Fly first Starlight to front with a transport from Air.

Phase by phase

TYPICAL OF ITS 1322 GAMES
  1. 1
  2. 2
  3. 3
  4. 4
PLAY THE OPENING

Follow the example game's first 6:00 step by step: what to build now, what comes next, and where it goes. At 1× it keeps pace with your own game.

  1. 1

    Up to the Bot Lab

    Economy
    • Metal Extractor3Mex
    • Wind Turbine4Wind
    Order
    1. Bot LabBot Lab after 3 mex, 4 winddone ~1:11, middle half 0:58–1:21

    By 0:55 in all: 3 mex · 4 wind

    The example game in this phase · 5 steps
    1. Mex ×2
    2. Wind
    3. Mex
    4. Wind
    5. Bot LabBot Labdone 1:07 · typical 1:11
  2. 2

    Bot Lab to 5:00

    Economy
    • Metal Extractor2Mex
    • Wind Turbine3Wind
    • Energy Converter8Converter
    • Energy Storage1Energy storage
    Order
    1. Geothermal PowerplantGeo after 4 mex, 5 wind, 1 energy storage
    2. Bot LabEat Bot Lab
    Builders
    • Construction Turret5 Con turret
    • Lazarus4 Lazarus
    • Construction Bot2 Con bot
    • Construction Bot1 Con bot for allies
    • Lazarus1 Lazarus for allies

    By 5:00 in all: 4 mex · 7 wind · 1 geo · 8 converter · 1 energy storage · 5 con turret

    The example game in this phase · 18 steps
    1. TickTick ×4
    2. LazarusLazarus
    3. Construction BotCon bot
    4. LazarusLazarus ×2
    5. Wind ×3
    6. Energy storage
    7. Mex
    8. Energy storage
    9. Construction BotCon bot
    10. Geothermal PowerplantGeodone 4:06 · typical 3:29
    11. Wind
    12. Con turret
    13. Radar TowerRadar Tower
    14. Mex
    15. Con turret
    16. SentrySentry ×2
    17. Con turret
    18. SentrySentry ×2
  3. 3

    5:00 to Vehicle Plant

    Order
    1. Advanced Geothermal PowerplantAdvanced Geothermal Powerplant after 8 wind, 10 converter, 6 con turretin 57% of games
    2. Vehicle PlantVehicle Plant after 9 wind, 10 converter, 6 con turretdone ~7:06, middle half 6:39–7:32

    Some games also: con turret (49%) · converter (48%) · wind (41%)

    By 6:56 in all: 4 mex · 9 wind · 1 geo · 1 Advanced Geothermal Powerplant · 10 converter · 1 energy storage

    The example game in this phase · 13 steps
    1. Bot LabEat Bot Labreclaimed for its metal
    2. Wind ×4
    3. Advanced Metal ExtractorT2 mexdone 6:09 · typical 5:38
    4. Wind ×3
    5. Advanced Metal ExtractorT2 mex
    6. Wind ×5
    7. Advanced Metal ExtractorT2 mex
    8. Converter ×6
    9. Advanced Geothermal PowerplantAdvanced Geothermal Powerplantdone 8:32 · typical 7:11
    10. Converter ×3
    11. Con turret
    12. Advanced Metal ExtractorT2 mex
    13. Vehicle PlantVehicle Plantdone 8:35 · typical 7:06
  4. 4

    Vehicle Plant to 10:00

    Economy
    • Wind Turbine5Wind
    • Energy Converter4Converter
    Order
    1. Advanced Vehicle PlantAdvanced Vehicle Plant after 10 wind, 11 converter, 6 con turret
    2. Vehicle PlantEat Vehicle Plant
    Builders
    • Construction Vehicle1 Con vehicle
    • Advanced Construction Vehicle1 T2 con vehicle for allies
    Army
    • Starlight2 Starlight
    • Umbra1 Jammer
    • Prophet1 Radar vehicle

    Some games also: con turret (48%) · Jaguar (36%)

    By 10:00 in all: 4 mex · 18 wind · 1 geo · 1 Advanced Geothermal Powerplant · 16 converter · 1 energy storage

    The example game in this phase · 24 steps
    1. BlitzBlitz
    2. Vehicle PlantVehicle Plantdone 8:46
    3. Converter
    4. BlitzBlitz
    5. Converter
    6. BlitzBlitz
    7. Vehicle PlantVehicle Plantdone 8:59
    8. BlitzBlitz ×2
    9. Converter
    10. BlitzBlitz ×6
    11. Converter
    12. BlitzBlitz ×3
    13. Converter
    14. BlitzBlitz ×9
    15. Converter
    16. BlitzBlitz ×2
    17. Converter
    18. BlitzBlitz ×15
    19. Converter
    20. BlitzBlitz ×2
    21. Converter
    22. BlitzBlitz ×9
    23. Converter
    24. BlitzBlitz ×4

Counts are medians over the build's games: half of them build more, half fewer. The example game is Desty's (34 OS, 12/08/2026); pick another.

Team trades

IN AT LEAST 30% OF ITS GAMES

You hand over

  • Lazarus1 Lazarus to Beach seafirst at 2:17 · in 75% of games
  • Construction Bot1 Con bot to Beach seafirst at 2:27 · in 87% of games
  • Advanced Construction Vehicle1 T2 con vehicle to Suicide front or Frontfirst at 8:48 · in 63% of games

You get

  • Advanced Construction Bot1 T2 con bot from Techfirst at 4:52 · in 94% of games

How it plays out

Typical game of this build, running totals by minute

Metal produced

020k40k
0:005:0010:0015:00

metal

Enemy metal destroyed

05k10k15k
0:005:0010:0015:00

metal

Own metal lost

02k4k6k
0:005:0010:0015:00

metal

1541 games.

Show as table
ByMetal produced: This buildEnemy metal destroyed: This buildOwn metal lost: This build
1:0033300
2:0085900
3:00152700
4:00266900
5:00369400
6:00563600
7:00802500
8:001134600
9:00144064384
10:0017275471194
11:00201231737520
12:002298936141600
13:002573358262956
14:002858682224419
15:0031355101705586
WHAT THE NUMBERS SAY

Standard Geo play wins about half its games while destroying the most enemy metal by 15:00 among the roles shown here.

  • + Enemy metal destroyed jumps to 10560 by 15:00, highest of all six builds.
  • + Starlight makes up 34% of army, delivering the long-range T2 push.
  • − Own metal lost reaches 5977 by 15:00 from the aggressive T2 push.
  • − First Starlight only arrives in 60% of games, a late or inconsistent push.
THE EXAMPLE YOU ARE READING

Desty

33.5 OS · 12/08/2026

Open source match ↗

2 received units · includes a constructor
112 metal received · 28419 energy received

Allied construction assistance is unknown. Timings are observations, not a promise of solo reproducibility.

Typical milestones

Bot Lab1:11Middle 50%: 0:58–1:21 · n=1540
Geothermal Powerplant3:29Middle 50%: 3:13–3:47 · n=1532
Advanced Metal Extractor5:38Middle 50%: 5:21–6:01 · n=1532
Vehicle Plant7:06Middle 50%: 6:39–7:32 · n=1489
Advanced Geothermal Powerplant7:11Middle 50%: 6:51–7:42 · n=1114
Advanced Vehicle Plant8:01Middle 50%: 7:40–8:33 · n=1424
Starlight9:03Middle 50%: 8:32–9:47 · n=1285

Played most by

0neTw0121games of this buildzeus_on_god117games of this buildXad53games of this buildTheGeneraI46games of this buildViltrum41games of this build